 Dungeon Crawl Stone Soup version 0.30-a0-743-gbfdf073431 (webtiles) character file.

Game seed: 17187053462697636097

338 testman the Struggler (level 6, 0/47 HPs)
             Began as a Gnoll Wanderer on Feb 6, 2023.
             Was an Initiate of Okawaru.
             Slain by an ogre
             ... wielding a +0 giant spiked club
              (19 damage)
             ... on level 4 of the Dungeon.
             The game lasted 00:08:05 (2444 turns).

testman the Struggler (Gnoll Wanderer)              Turns: 2444, Time: 00:08:06

Health: 0/47       AC:  9    Str: 15    XL:     6   Next: 55%
Magic:  10/11      EV: 10    Int: 15    God:    Okawaru [......]
Gold:   228        SH:  0    Dex:  6    Spells: 11/12 levels left

rFire   . . .      SeeInvis .    n - +9 hand axe of the Swamp {vamp, rC++ rCorr Str+2 Dex-2}
rCold   + + +      Faith    .    (no shield)
rNeg    . . .      Spirit   .    g - +0 ring mail {rC+}
rPois   .          Reflect  .    k - +0 helmet
rElec   .          Harm     .    r - +2 cloak {Will+}
rCorr   +          Rampage  .    (no gloves)
Will    +....                    (no boots)
Stlth   +                        (no amulet)
HPRegen 0.27/turn                (no ring)
MPRegen 0.12/turn                (no ring)

@: no status effects
A: fangs 1, strong nose, distributed training
a: Renounce Religion


You were on level 4 of the Dungeon.
You worshipped Okawaru.
Okawaru was noncommittal.
You visited 1 branch of the dungeon, and saw 4 of its levels.
You also visited: Sewer.

You collected 228 gold pieces.

Inventory:

Hand Weapons
 a - a +2 hand axe
 c - a +0 dagger
 i - a +0 sling
 n - the +9 hand axe of the Swamp (weapon) {vamp, rC++ rCorr Str+2 Dex-2}
   (You found it on level 2 of the Dungeon)

   Str:       It affects your strength (+2).
   Dex:       It affects your dexterity (-2).
   rC:        It greatly protects you from cold.
   rCorr:     It protects you from acid and corrosion.
Missiles
 b - 11 poisoned darts (quivered)
 m - 10 boomerangs
Armour
 e - a +0 robe
 f - a +0 cloak
 g - a +0 ring mail of cold resistance (worn)
 k - a +0 helmet (worn)
 r - a +2 cloak of willpower (worn)
Wands
 u - a wand of polymorph (3)
Scrolls
 d - 2 scrolls of blinking
 o - 2 scrolls of enchant armour {unknown}
 q - 2 scrolls of amnesia {unknown}
 s - 2 scrolls of teleportation {unknown}
 v - a scroll of fear {unknown}
 w - a scroll of identify {unknown}
Potions
 h - a potion of heal wounds {unknown}
 j - a potion of lignification {unknown}
 l - 3 potions of curing {unknown}
 p - a potion of degeneration {unknown}
 t - a potion of brilliance {unknown}


   Skills:
 + Level 3.3 Fighting
 + Level 2.1 Short Blades
 + Level 2.1 Long Blades
 + Level 5.0 Axes
 + Level 2.1 Maces & Flails
 + Level 2.1 Polearms
 + Level 2.1 Staves
 + Level 2.1 Ranged Weapons
 + Level 5.0 Throwing
 + Level 2.1 Armour
 + Level 2.1 Dodging
 + Level 2.1 Stealth
 + Level 2.1 Shields
 + Level 2.1 Unarmed Combat
 + Level 3.5 Spellcasting
 + Level 1.6 Conjurations
 + Level 4.1 Hexes
 + Level 1.6 Summonings
 + Level 1.6 Necromancy
 + Level 1.6 Translocations
 + Level 1.6 Transmutations
 + Level 1.6 Fire Magic
 + Level 1.6 Ice Magic
 + Level 1.6 Air Magic
 + Level 1.6 Earth Magic
 + Level 1.6 Poison Magic
 + Level 5.1 Invocations
 + Level 2.1 Evocations


You had 11 spell levels left.
You knew the following spells:

 Your Spells              Type           Power      Damage    Failure   Level
a - Slow                  Hex            60%        N/A       7%          1

Your spell library contained the following spells:

 Spells                   Type           Power      Damage    Failure   Level
 Sublimation of Blood     Necr           7%         N/A       28%         2
 Wereblood                Tmut           7%         N/A       28%         2
 Inner Flame              Hex/Fire       11%        N/A       32%         3
 Summon Hydra             Summ           Unusable   N/A       N/A         7

Dungeon Overview and Level Annotations

Branches:
Dungeon (4/15)             Temple (0/1) D:4           Sewer (visited)

Altars:
Okawaru
Vehumet


Innate Abilities, Weirdness & Mutations

You have very sharp teeth.
Your uncanny sense of smell can sniff out nearby items.
Your experience applies equally to all skills.


Message History

Okawaru accepts your kill.
No target in view!
No target in view!
A kobold comes into view. It is wielding a +0 dagger.
The kobold hits you but does no damage.
You hit the kobold but do no damage. Your bite misses the kobold.
The kobold barely misses you.
You slash the kobold!
You kill the kobold!
Okawaru accepts your kill.
No target in view!
No target in view!
w - a scroll labelled ERGHID KYMUSOYL You now have 228 gold pieces (gained 9).
Found a quarterstaff.
An ogre comes into view. It is wielding a +0 giant spiked club.
Found a stone staircase leading down.
The ogre shouts!
You hear a shout!
A goblin comes into view. It is wielding a +0 dagger.
The goblin shouts!
An adder comes into view.
The adder hisses angrily.
You slash the ogre!
The ogre is moderately wounded.
A necrophage comes into view.
The ogre hits you with a +0 giant spiked club!!
Ouch! That really hurt!
You are too injured to fight recklessly!
You are too injured to fight recklessly!
Okay, then.
Casting: Slow (safe; 7% risk of failure)
Confirm with . or Enter, or press ? or * to list all spells.
Aiming: Slow (safe; 7% risk of failure)
Press: ? - help, Shift-Dir - straight line, f - ogre
Aim: an ogre, wielding a +0 giant spiked club (moderately wounded, chance to affect: 49%)
The ogre resists with some effort.
You hit the ogre.
The ogre is heavily wounded.
The ogre hits you with a +0 giant spiked club!!
You die...

... ..... .. ..n... #....
... ...... #.... . . ......
.... . S##.g....
...#.##...#....
#..##.O...)... #.....@.## ..
####.......#....
##...............
#.....##.........
##....###..................
##......##..........#.......
#.............#..........#..
##..#........##..#..........
##.#.#.#.#.#.# >#..#.......


You could see an ogre, a necrophage, an adder and a goblin.

Vanquished Creatures
  2 bullfrogs (Sewer)
  An orc wizard (D:3)
  Robin (D:3)
  5 adders
  2 worms
  4 orcs (D:3)
  2 bats
  12 endoplasms
  8 giant cockroaches
  13 goblins
  5 hobgoblins
  2 jackals (D:2)
  5 kobolds
  11 quokkas
  14 ball pythons
  9 frilled lizards
  5 rats
101 creatures vanquished.

Notes
Turn   | Place    | Note
-------+----------+-------------------------------------------
     0 | D:1      | testman the Gnoll Wanderer began the quest for the Orb.
     0 | D:1      | testman set off with the following items: a +2 hand axe, 11
                  | poisoned darts, a +0 dagger, a scroll of blinking, a +0
                  | robe; and the following spell memorised: Slow; and the
                  | following spells available to memorise: Inner Flame.
     0 | D:1      | Reached XP level 1. HP: 17/17 MP: 4/4
   236 | D:1      | Reached XP level 2. HP: 20/23 MP: 5/5
   740 | D:2      | Found a radiant altar of Vehumet.
   955 | D:2      | Reached XP level 3. HP: 28/28 MP: 7/7
  1177 | D:2      | Identified the +9 hand axe of the Swamp {vamp, rC++ rCorr
                  | Str+2 Dex-2}
  1437 | D:3      | Reached skill level 1 in Short Blades
  1437 | D:3      | Reached skill level 1 in Long Blades
  1437 | D:3      | Reached skill level 1 in Maces & Flails
  1437 | D:3      | Reached skill level 1 in Polearms
  1437 | D:3      | Reached skill level 1 in Staves
  1437 | D:3      | Reached skill level 1 in Ranged Weapons
  1437 | D:3      | Reached skill level 1 in Armour
  1437 | D:3      | Reached skill level 1 in Dodging
  1437 | D:3      | Reached skill level 1 in Stealth
  1437 | D:3      | Reached skill level 1 in Shields
  1437 | D:3      | Reached skill level 1 in Unarmed Combat
  1437 | D:3      | Reached skill level 1 in Evocations
  1437 | D:3      | Reached XP level 4. HP: 22/34 MP: 8/8
  1616 | D:3      | Reached skill level 1 in Conjurations
  1616 | D:3      | Reached skill level 1 in Summonings
  1616 | D:3      | Reached skill level 1 in Necromancy
  1616 | D:3      | Reached skill level 1 in Translocations
  1616 | D:3      | Reached skill level 1 in Transmutations
  1616 | D:3      | Reached skill level 1 in Fire Magic
  1616 | D:3      | Reached skill level 1 in Ice Magic
  1616 | D:3      | Reached skill level 1 in Air Magic
  1616 | D:3      | Reached skill level 1 in Earth Magic
  1616 | D:3      | Reached skill level 1 in Poison Magic
  1618 | D:3      | Found a glowing drain.
  1628 | Sewer    | Entered a sewer
  1808 | Sewer    | Reached XP level 5. HP: 39/40 MP: 9/9
  1918 | Sewer    | Reached skill level 5 in Invocations
  1920 | Sewer    | Reached skill level 5 in Axes
  1920 | Sewer    | Reached skill level 5 in Throwing
  1920 | Sewer    | Reached XP level 6. HP: 32/47 MP: 9/11
  2167 | D:3      | Noticed Robin
  2183 | D:3      | Killed Robin
  2201 | D:3      | Found an iron altar of Okawaru.
  2218 | D:3      | Became a worshipper of Warmaster Okawaru
  2299 | D:4      | Found a staircase to the Ecumenical Temple.
  2444 | D:4      | Slain by an ogre

Illustrated notes

Levels and vault maps discovered:
D:1:      minmay_arrival_plants_in_alcoves, layout_loops_cross
D:2:      wad_lake_hut, layout_basic, basic_altar
D:3:      layout_rooms, kennysheep_okawaru_gauntlet, portal_sewer_entry_f,
          uniq_robin
D:4:      layout_cave_pools, minmay_temple_entry_wispy, serial_shops, shop,
          st_stairs_11

Skill      XL: |  1  2  3  4  5 |
---------------+----------------+-----
Short Blades   | 1 2 |  2.1
Long Blades    | 1 2 |  2.1
Maces & Flails | 1 2 |  2.1
Polearms       | 1 2 |  2.1
Staves         | 1 2 |  2.1
Ranged Weapons | 1 2 |  2.1
Armour         | 1 2 |  2.1
Dodging        | 1 2 |  2.1
Stealth        | 1 2 |  2.1
Shields        | 1 2 |  2.1
Unarmed Combat | 1 2 |  2.1
Spellcasting   | 3 |  3.5
Evocations     | 1 2 |  2.1
Conjurations   | 1 |  1.6
Summonings     | 1 |  1.6
Necromancy     | 1 |  1.6
Translocations | 1 |  1.6
Transmutations | 1 |  1.6
Fire Magic     | 1 |  1.6
Ice Magic      | 1 |  1.6
Air Magic      | 1 |  1.6
Earth Magic    | 1 |  1.6
Poison Magic   | 1 |  1.6
Fighting       | 3 |  3.3
Hexes          | 4 |  4.1
Invocations    | 5 |  5.1
Axes           | 5 |  5.0
Throwing       | 5 |  5.0

Action                     |  1- 3 |  4- 6 || total
---------------------------+-------+-------++-------
  Melee: Hand axe          |    88 |   144 ||   232
         Bite              |     5 |     4 ||     9
         Punch             |     1 |       ||     1
   Fire: Sling             |       |     4 ||     4
   Cast: Slow              |       |     1 ||     1
 Armour: Robe              |    12 |       ||    12
         Ring mail         |    27 |    57 ||    84
  Dodge: Dodged            |    35 |    64 ||    99

Table legend: (Time is in decaauts)
 A = Elapsed time spent in this place.
 B = Non-inter-level travel time spent in this place.
 C = Inter-level travel time spent in this place.
 D = Time resting spent in this place.
 E = Time spent auto-exploring this place.
 F = Levels seen in this place.
 G = Mean time per level.
                   A        B        C        D        E       F      G
               +--------+--------+--------+--------+--------+-----+--------+
         Total |   2571 |   2405 |    166 |     18 |   1658 |   5 |  514.2 |
       Dungeon |   2170 |   2004 |    166 |     18 |   1519 |   4 |  542.5 |
         Sewer |    400 |    400 |      0 |      0 |    139 |   1 |  400.0 |
               +--------+--------+--------+--------+--------+-----+--------+

Top non-repeatable levels by time:
     D:2: 745 daAuts
     D:1: 712 daAuts
     D:3: 538 daAuts
   Sewer: 400 daAuts
     D:4: 174 daAuts
